 Dungeon Crawl Stone Soup version 0.16-a0-764-g7febf84 (webtiles) character file.

51 Psiweapon the Ruinous (level 3, -1/21 HPs)
             Began as a High Elf Conjurer on Sept 24, 2014.
             Slain by Sigmund
             ... wielding a +0 scythe
              (4 damage)
             ... on Level 3 of the Dungeon.
             The game lasted 00:10:45 (1897 turns).

Psiweapon the Ruinous (High Elf Conjurer)           Turns: 1897, Time: 00:10:45

HP  -1/21        AC  3     Str  7      XL: 3   Next: 57%
MP   0/8         EV 13     Int 19      God:
Gold 159         SH  0     Dex 16      Spells:  3 memorised,  0 levels left

rFire  . . .     SeeInvis .     z - +0 dagger (vamp)
rCold  . . .     Clarity  .     a - +1 robe
rNeg   . . .     rCorr    .     (no shield)
rPois  .         rRot     .     (no helmet)
rElec  .         Spirit   .     (no cloak)
SustAb .         Warding  .     (no gloves)
rMut   .         Stasis   .     (no boots)
Gourm  .                        (no amulet)
MR     .....                    v - ring of flight
                                n - +3 ring of slaying

@: not resistant to hostile enchantments, unstealthy
A: no striking features
a: Evoke Flight


You were on level 3 of the Dungeon.
You were not hungry.

You visited 1 branch of the dungeon, and saw 3 of its levels.

You collected 159 gold pieces.

Inventory:

Hand weapons
 f - a -2 morningstar
 k - a +0 club
 z - a +0 vampiric dagger (weapon)
Missiles
 e - 16 stones (quivered)
 g - 19 arrows
 j - 12 poisoned needles
 u - 2 tomahawks
Armour
 a - a +1 robe (worn)
 l - a +0 leather armour
Comestibles
 b - a bread ration
 m - a chunk of hobgoblin flesh
 p - a rotting chunk of bat flesh
 r - a rotting chunk of adder flesh
 t - a chunk of bat flesh
 A - a chunk of bat flesh
Scrolls
 d - 3 scrolls of enchant armour
 h - 3 scrolls of identify
 o - a scroll of teleportation
 w - a scroll of fear {unknown}
 x - a scroll of remove curse
 y - a scroll of immolation {unknown}
Jewellery
 n - a +3 ring of slaying (left hand)
 v - a ring of flight (right hand)
Potions
 i - a potion of brilliance {unknown}
 q - a potion of cancellation {unknown}
 s - a potion of agility {unknown}
Books
 c - a book of Conjurations

   Spells                             Type                      Level
   *Magic Dart                        Conjuration                  1
   *Searing Ray                       Conjuration                  2
   *Dazzling Spray                    Conjuration/Hexes            3
   Fulminant Prism                    Conjuration/Hexes            4
   Iskenderun's Mystic Blast          Conjuration                  4
   Iskenderun's Battlesphere          Conjuration/Charms           5


   Skills:
 + Level 0.5 Short Blades
 + Level 3.1 Dodging
 + Level 3.0 Stealth
 - Level 2.4 Spellcasting
 + Level 5.0 Conjurations


You couldn't memorise any spells.
You knew the following spells:

 Your Spells              Type           Power        Failure   Level  Hunger
a - Magic Dart            Conj           ###.         1%          1    #......
b - Searing Ray           Conj           ###...       3%          2    ##.....
c - Dazzling Spray        Conj/Hex       ##......     17%         3    ###....


Dungeon Overview and Level Annotations

Branches:
Dungeon (3/15)

Altars:
Ashenzari
Cheibriados

Annotations:
D:3 Jessica, Sigmund


Message History

Sigmund hits you from afar with a scythe!
A hobgoblin comes into view.
The searing ray hits Sigmund.
Sigmund is moderately wounded.
The hobgoblin shouts!
The searing ray hits Sigmund.
Sigmund is heavily wounded.
Sigmund drinks a potion.
Sigmund flickers and vanishes!
Deactivating autopickup; reactivate with Ctrl-A.
Casting: Searing Ray
Confirm with . or Enter, or press ? or * to list all spells.
Aiming: Searing Ray
Press: ? - help, Shift-Dir - straight line Jessica casts a spell.
Jessica seems to speed up.
Something hits you!
* * * LOW HITPOINT WARNING * * *
A bat comes into view.
Jessica mumbles something strange.
Jessica gestures at you while chanting. You resist. Something hits you.
You die...

. .... .. ..
#..... ... .
### ....##...
#.#.#.#.#.#.##
#....{.......#
#@#
#............#
##.#.#@#.#.#..
.....S... #.#
#b# #.# #..
..g ... # #.#
# ... #g#


You could see an adder, Jessica, 2 hobgoblins and a bat.

Vanquished Creatures
  2 adders (D:2)
  2 oozes
  5 bats
  5 goblins
  5 hobgoblins
  6 jackals
  A giant cockroach (D:2)
  3 giant newts
  2 rats (D:1)
31 creatures vanquished.

Notes
Turn   | Place    | Note
--------------------------------------------------------------
     0 | D:1      | Psiweapon, the High Elf Conjurer, began the quest for the Orb.
     0 | D:1      | Reached XP level 1. HP: 11/11 MP: 4/4
   309 | D:1      | Reached XP level 2. HP: 15/17 MP: 4/6
  1216 | D:2      | Reached XP level 3. HP: 17/21 MP: 6/8
  1229 | D:2      | Learned a level 2 spell: Searing Ray
  1233 | D:2      | Learned a level 3 spell: Dazzling Spray
  1380 | D:2      | Found a shattered altar of Ashenzari.
  1380 | D:2      | Found a snail-covered altar of Cheibriados.
  1877 | D:2      | Reached skill level 5 in Conjurations
  1892 | D:3      | Noticed Sigmund
  1892 | D:3      | Noticed Jessica
  1897 | D:3      | Slain by Sigmund

Action                   || total
-------------------------++-------
Melee: Club              ||    15
       Unarmed           ||     2
       Morningstar       ||    16
       Dagger            ||    15
 Cast: Magic Dart        ||    34
       Searing Ray       ||     3
  Use: Scroll            ||     5
 Stab: Sleeping          ||     2
  Eat: Fruit             ||     2
       Bread ration      ||     1
       Pizza             ||     1
       Chunk             ||     1
